 Dungeon Crawl Stone Soup version 0.30.1-11-g7821555f0a (webtiles) character file.

Game seed: 11428365040096909619

53 Ijustatesigmund the Digger (level 3, 0/20 HPs)
             Began as a Gargoyle Earth Elementalist on Nov 22, 2023.
             Slain by Terence
             ... wielding a +0 short sword
              (4 damage)
             ... on level 2 of the Dungeon.
             The game lasted 00:02:06 (1258 turns).

Ijustatesigmund the Digger (GrEE)                   Turns: 1258, Time: 00:02:06

Health: 0/20       AC:  5    Str:  9 (11) XL:     3   Next: 89%
Magic:  1/6        EV: 11    Int: 16 (17) God:
Gold:   57         SH:  0    Dex:  8 (10) Spells: 3/7 levels left

rFire   . . .        d - staff of earth
rCold   . . .        (no shield)
rNeg    + . .        a - +0 robe
rPois   ∞            (no helmet)
rElec   +            (no cloak)
rCorr   .            (no gloves)
SInv    .            (no boots)
Will    .....        (no amulet)
Stlth   ++           (no ring)
HPRegen 0.23/turn    (no ring)
MPRegen 0.10/turn

%: no passive effects
@: flying
A: sickness immunity, AC +3, negative energy resistance 1, electricity
resistance, torment resistance 1, petrification resistance
a: no special abilities


You were on level 2 of the Dungeon.
You visited 1 branch of the dungeon, and saw 2 of its levels.

You collected 57 gold pieces.

Inventory:

Armour
 a - a +0 robe (worn)
 h - a +2 tower shield
Magical Staves
 d - a staff of earth (weapon)
Jewellery
 k - a +5 ring of evasion
Scrolls
 c - 2 scrolls of vulnerability {unknown}
 e - a scroll of torment {unknown}
 f - a scroll of enchant armour {unknown}
 j - 3 scrolls of identify {unknown}
 l - a scroll of amnesia {unknown}
 o - a scroll of brand weapon {unknown}
Potions
 b - 2 potions of magic
 i - a potion of flight
 m - a potion of invisibility {unknown}
 n - a potion of brilliance {unknown}
 p - a potion of curing {unknown}


   Skills:
 - Level 1.5 Fighting
 - Level 1.5 Dodging
 - Level 2.1 Stealth
 + Level 2.6 Spellcasting
 * Level 1.1 Conjurations
 - Level 0.7 Transmutations
 + Level 4.3 Earth Magic


You had 3 spell levels left.
You knew the following spells:

 Your Spells              Type           Power      Damage    Failure   Level
a - Sandblast             Erth           48%        2d12      3%          1
b - Stone Arrow           Conj/Erth      32%        3d9       19%         3

Your spell library contained the following spells:

 Spells                   Type           Power      Damage    Failure   Level
 Passwall                 Tmut/Erth      12%        N/A       11%         2
 Magic Dart               Conj           20%        1d4       12%         1
 Searing Ray              Conj           10%        2d4       19%         2
 Petrify                  Tmut/Erth      15%        N/A       56%         4
 Fulminant Prism          Conj/Hex       1%         3d5       83%         4


Dungeon Overview and Level Annotations

Branches:
Dungeon (2/15)

Altars:

Annotations:
D:2 Terence


Innate Abilities, Weirdness & Mutations

You are immune to sickness and miasma.
Your stone body is resilient. (AC +3)
You are immune to poison.
You resist negative energy. (rN+)
You are resistant to electric shocks. (rElec)
You are resistant to unholy torment.
You are immune to petrification.


Message History

Confirm with . or Enter, or press ? or * to list all spells.
Aiming: Sandblast (safe; 3% risk of failure)
Press: ? - help, Shift-Dir - straight line, f/p - Terence
Aim: Terence, wielding a +0 short sword and wearing a +0 scale mail (85% to hit)
You feel a surge of power!
The blast of sand hits Terence.
Terence is moderately wounded.
Terence hits you with a +0 short sword.
Casting: Sandblast (safe; 3% risk of failure)
Confirm with . or Enter, or press ? or * to list all spells.
Aiming: Sandblast (safe; 3% risk of failure)
Press: ? - help, Shift-Dir - straight line, f/p - Terence
Aim: Terence, wielding a +0 short sword and wearing a +0 scale mail (moderately wounded, 85% to hit)
You feel a surge of power!
The blast of sand hits Terence.
Terence is heavily wounded.
Terence barely misses you. Terence closely misses you.
Casting: Sandblast (safe; 3% risk of failure)
Confirm with . or Enter, or press ? or * to list all spells.
Aiming: Sandblast (safe; 3% risk of failure)
Press: ? - help, Shift-Dir - straight line, f/p - Terence
Aim: Terence, wielding a +0 short sword and wearing a +0 scale mail (heavily wounded, 85% to hit)
You feel a surge of power!
The blast of sand hits Terence but does no damage.
Terence is heavily wounded.
Terence hits you with a +0 short sword.
Casting: Sandblast (safe; 3% risk of failure)
Confirm with . or Enter, or press ? or * to list all spells.
Aiming: Sandblast (safe; 3% risk of failure)
Press: ? - help, Shift-Dir - straight line, f/p - Terence
Aim: Terence, wielding a +0 short sword and wearing a +0 scale mail (heavily wounded, 85% to hit)
You feel a surge of power!
The blast of sand misses Terence.
Terence hits you with a +0 short sword. x2
* * * LOW HITPOINT WARNING * * *
It was a potion of flight.
You feel very buoyant.
You fly up into the air.
Terence barely misses you.
It was a potion of degeneration.
There was something very wrong with that liquid.
You feel weakened.
You feel dopey.
You feel clumsy. Terence hits you with a +0 short sword.
You die...

.. #.# .### #.. ..# ##..
#.# #..# #.####.## #
#..#..... #.##>
#######......##
......######...........##
#.......@@)..####.#..###
.......####### #..##.#
......# #.###.### ......
#####.......# #....
###......####.# #....
#...#..### #.## #...
##.......# #..# #...
.........# ##.##
#........######..#


You could see Terence.

Vanquished Creatures
  3 adders (D:2)
  4 endoplasms
  2 giant cockroaches (D:1)
  2 goblins
  A hobgoblin (D:1)
  3 jackals (D:1)
  A quokka (D:1)
  2 bats (D:1)
  2 frilled lizards (D:1)
  2 kobolds
  4 rats (D:1)
26 creatures vanquished.

Notes
Turn   | Place    | Note
-------+----------+-------------------------------------------
     0 | D:1      | Ijustatesigmund the Gargoyle Earth Elementalist began the
                  | quest for the Orb.
     0 | D:1      | Reached XP level 1. HP: 10/10 MP: 3/3
   230 | D:1      | Reached XP level 2. HP: 16/16 MP: 3/5
   288 | D:1      | Reached skill level 1 in Fighting
   443 | D:1      | Reached skill level 4 in Earth Magic
  1115 | D:2      | Reached XP level 3. HP: 20/20 MP: 4/6
  1119 | D:2      | Learned a level 3 spell: Stone Arrow
  1240 | D:2      | Noticed Terence
  1243 | D:2      | Reached skill level 1 in Conjurations
  1258 | D:2      | Slain by Terence

Illustrated notes

Levels and vault maps discovered:
D:1:      lemuel_arrival_broad_hall, layout_loops_corners
D:2:      layout_rooms, basic_altar, basic_ecumenical_altar, uniq_terence

Skill      XL: |  1  2  3 |
---------------+----------+-----
Fighting       | 1 |  1.5
Earth Magic    | 4 |  4.3
Conjurations   | 1 |  1.1
Dodging        | |  1.5
Stealth        | |  2.1
Spellcasting   | |  2.6
Transmutations | |  0.7

Action                     || total
---------------------------++-------
  Melee: Short sword       ||     5
         Unarmed           ||     3
         Staff             ||     5
   Cast: Sandblast         ||    40
    Use: Potion            ||     2
 Armour: Robe              ||     7
  Dodge: Dodged            ||    11
